 Dungeon Crawl Stone Soup version 0.20-a0-656-g9b0dcd9 (webtiles) character file.

51 Goblin1989 the Cudgeler (level 3, 0/29 HPs)
             Began as a Barachian Fighter on Feb 16, 2017.
             Slain by anet's ghost (9 damage)
             ... on level 3 of the Dungeon on Feb 17, 2017.
             The game lasted 00:07:50 (1993 turns).

Goblin1989 the Cudgeler (Barachian Fighter)         Turns: 1993, Time: 00:07:51

Health: 0/29       AC:  6    Str: 20    XL:     3   Next: 83%
Magic:  3/3        EV:  7    Int:  6    God:
Gold:   113        SH:  9    Dex: 10    Spells: 2/2 levels left

rFire    . . .     SeeInvis .   a - +0 flail
rCold    . . .     Gourm    .   b - +0 scale mail
rNeg     . . .     Faith    .   c - +0 shield
rPois    .         Spirit   .   (no helmet)
rElec    .         Reflect  .   (no cloak)
rCorr    .         Harm     .   (no gloves)
MR       .....                  (no boots)
Stlth    ..........             (no amulet)
Regen    0.1/turn               (no ring)
MPRegen  0.1/turn               (no ring)

@: mighty, slow
A: swims, slowness 1, strong legs 1
a: Hop


You were on level 3 of the Dungeon.
You were not hungry.

You visited 1 branch of the dungeon, and saw 3 of its levels.

You collected 113 gold pieces.

Inventory:

Hand Weapons
 a - a +0 flail (weapon)
Armour
 b - a +0 scale mail (worn)
 c - a +0 shield (worn)
Jewellery
 g - an uncursed ring of ice
 l - a +2 ring of intelligence {unknown}
 q - a +2 ring of strength {unknown}
Scrolls
 h - a scroll of recharging {unknown}
 o - a scroll of remove curse {unknown}
 r - a scroll of magic mapping {unknown}
Potions
 f - a potion of heal wounds
 i - 2 potions of mutation {unknown}
 j - a potion of curing {unknown}
 k - 2 potions of haste {@q3, !q}
 m - a potion of agility {unknown}
 p - a potion of flight {unknown}
 s - a potion of brilliance {unknown}
Comestibles
 e - a bread ration {@e1}
 n - 2 fruits


   Skills:
 - Level 3.2 Fighting
 + Level 4.0 Maces & Flails
 - Level 3.2 Armour
 - Level 3.0 Shields


You had 2 spell levels left.
You didn't know any spells.

Dungeon Overview and Level Annotations

Branches:
Dungeon (3/15)

Altars:

Annotations:
D:3 anet's ghost, amateur GrFi


Innate Abilities, Weirdness & Mutations

You can swim through water.
You cover ground slowly.
You can hop short distances.


Message History

The giant cockroach bites you but does no damage.
You closely miss the giant cockroach.
The giant cockroach bites you but does no damage.
The giant cockroach barely misses you.
Health restored: 29 You closely miss the giant cockroach.
You block the giant cockroach's attack.
The giant cockroach bites you but does no damage.
You hit the giant cockroach.
The giant cockroach is heavily wounded.
The giant cockroach bites you.
You take 1 damage, and have 28/29 hp.
You hit the giant cockroach.
You kill the giant cockroach!
No target in view!
No target in view!
No target in view!
No target in view!
No target in view!
No target in view!
No target in view!
No target in view!
No target in view!
No target in view!
No target in view!
No target in view!
No target in view!
No target in view!
No target in view!
No target in view!
No target in view!
No target in view!
No target in view!
No target in view!
You butcher the giant cockroach corpse.
s - a chunk of flesh Eating a chunk of flesh.
You eat the chunk of flesh.
This raw flesh tastes terrible.
Found a stone staircase leading up.
Health restored: 29 Done exploring.
Done exploring.
(D) Dungeon
Where to? (Enter - D:2 @ (x,y), ? - help)
There is a stone staircase leading down here.
You climb downwards.
There is a stone staircase leading up here.
There is a stone staircase leading up here.
You see here a dagger.
s - a purple potion
Found a stone staircase leading down.
Anet's ghost (amateur Gargoyle Fighter) comes into view.
A goblin comes into view.
The goblin shouts!
The goblin hits you but does no damage.
Your shield and scale mail prevent you from hitting the goblin.
Anet's ghost turns its malevolent gaze towards you.
The goblin hits you but does no damage. The goblin hits you but does no damage.
You feel very mighty all of a sudden. The goblin hits you.
You take 1 damage, and have 28/29 hp.
Okay, then.
Okay, then.
Okay, then.
Okay, then.
You hit the goblin.
You kill the goblin!
Anet's ghost hits you.
You take 3 damage, and have 25/29 hp.
You barely miss anet's ghost. You block anet's ghost's attack.
You hit anet's ghost but do no damage. Anet's ghost hits you!
You take 11 damage, and have 14/29 hp.
O_OOPS!!
MASSIVE DAMAGE!!
Your scale mail prevents you from hitting anet's ghost.
Anet's ghost misses you.
Anet's ghost hits you but does no damage.
You hit anet's ghost.
Anet's ghost is lightly damaged.
Anet's ghost hits you but does no damage.
You hit anet's ghost.
Anet's ghost is moderately damaged.
Anet's ghost hits you.
* * * LOW HITPOINT WARNING * * *
You take 2 damage, and have 13/29 hp.
You barely miss anet's ghost.
Anet's ghost is moderately damaged.
Anet's ghost hits you.
* * * LOW HITPOINT WARNING * * *
You take 1 damage, and have 12/29 hp.
You hit anet's ghost but do no damage.
Anet's ghost is moderately damaged.
You block anet's ghost's attack. Anet's ghost hits you.
* * * LOW HITPOINT WARNING * * *
You take 3 damage, and have 9/29 hp.
Your shield prevents you from hitting anet's ghost.
Anet's ghost is lightly damaged.
Anet's ghost hits you but does no damage.
You barely miss anet's ghost.
Anet's ghost is lightly damaged.
Anet's ghost hits you!
You die... █▲█ █.█ █@█ .. █W█

█ █.. █.█
█
█..█████.█
█
█........█
█
██.......█
♣ █
█.......█
P♣ . █
█..████.█
P♣ .. █
█... █.█
P.♣P♣


You could see anet's ghost.

Vanquished Creatures
  An adder (D:2)
  A worm (D:2)
  2 leopard geckos
  2 giant cockroaches
  8 goblins
  2 hobgoblins
  6 kobolds
  3 quokkas (D:2)
  6 bats
  2 frilled lizards (D:2)
  A rat (D:2)
34 creatures vanquished.

Notes
Turn   | Place    | Note
-------+----------+-------------------------------------------
     0 | D:1      | Goblin1989 the Barachian Fighter began the quest for the Orb.
     0 | D:1      | Reached XP level 1. HP: 18/18 MP: 1/1
   250 | D:1      | Reached XP level 2. HP: 24/24 MP: 2/2
   523 | D:1      | Reached skill level 3 in Maces & Flails
   760 | D:2      | Reached XP level 3. HP: 20/29 MP: 3/3
  1251 | D:2      | Upgraded the game from 0.20-a0-647-gf178af5 to 0.20-a0-656-g9b0dcd9
  1786 | D:2      | Reached skill level 4 in Maces & Flails
  1971 | D:3      | Noticed anet's ghost (amateur GrFi)
  1993 | D:3      | Slain by anet's ghost

Vault maps used:
D:1:      lordsloth_arrival_two_stooges
D:3:      wad_woods_stonehenge, nicolae_overflow_crystal_walls,
          minmay_misc_feat_encased

Skill      XL: |  1  2  3 |
---------------+----------+-----
Maces & Flails | 3 4 |  4.0
Fighting       | |  3.2
Armour         | |  3.2
Shields        | |  3.0

Action                   || total
-------------------------++-------
Melee: Flail             ||   135
  Use: Potion            ||     4
  Eat: Chunk             ||     4
Armor: Scale mail        ||    75
       Skin              ||     3
Dodge: Dodged            ||    54
Block: Shield            ||    69

Vault maps used:
D:1:      lordsloth_arrival_two_stooges
D:3:      wad_woods_stonehenge, nicolae_overflow_crystal_walls,
          minmay_misc_feat_encased
